AoeStats
← Johnny Labios Sellados

Black Forest

510306896Analyzed
3v3 RM · 2d ago on Sep 30, 2026· 31m 25s· 6 players
Game mode
Random Map
Map size
Normal (6 player)
Population
200
Speed
Normal
Resources
Standard
Victory
Conquest
Starting age
Dark Age
Ending age
Imperial Age
RankedLock teamsTeams togetherTeam positionsShared explorationLock speedFull tech treeHidden civsTurbo modeCheats
Victory
Defeat
🇦🇹 Franks · Austria
1146
+12
🇵🇱 Byzantines · Poland
1108
+13
🇸🇪 Turks · Sweden
1084
+14
🇪🇸 Chinese · Spain
1051
-13
1049
-13
🇪🇸 Bohemians · Spain
1048
-13
QuitTouchingMe
1:30 Loom
12:39 Feudal Age
17:28 Castle Age
16:03 Double-Bit Axe
16:00 Horse Collar
23:05 Imperial Age
25:32 Scale Barding Armor
25:41 Bloodlines
27:01 Wheelbarrow
26:44 Husbandry
27:11 Forging
28:22 Bow Saw
28:09 Gold Mining
31:21 Heavy Plow
tiwaz55
8:35 Loom
11:36 Feudal Age
16:12 Castle Age
14:39 Stone Mining
14:33 Horse Collar
14:51 Double-Bit Axe
17:54 Bow Saw
20:12 Heavy Plow
26:20 Imperial Age
24:51 Wheelbarrow
24:47 Gold Mining
26:05 Gold Shaft Mining
26:21 Ballistics
28:01 Chemistry
27:38 Onager
28:08 Treadmill Crane
29:12 Padded Archer Armor
29:48 Conscription
30:38 Fletching
31:06 Leather Archer Armor
31:23 Hand Cart
what_is_your_strategy
11:45 Feudal Age
12:22 Town Watch
13:58 Double-Bit Axe
21:50 Castle Age
20:39 Stone Mining
20:40 Gold Mining
20:55 Loom
21:45 Wheelbarrow
25:30 Hand Cart
29:21 Imperial Age
27:34 Bow Saw
28:18 Scale Barding Armor
28:24 Forging
29:05 Husbandry
29:55 Chain Barding Armor
30:52 Cavalier
Disco Stu
0:27 Loom
12:16 Feudal Age
17:58 Castle Age
27:43 Fortified Wall
31:58 Imperial Age
29:10 Pikeman
30:33 Town Watch
31:24 Wheelbarrow
31:37 Town Patrol
La Caja
0:40 Loom
13:14 Feudal Age
19:52 Castle Age
18:44 Double-Bit Axe
19:10 Horse Collar
29:59 Wheelbarrow
30:21 Fortified Wall
31:07 Hand Cart
Johnny Labios Sellados
0:28 Loom
13:52 Feudal Age
19:44 Castle Age
19:36 Double-Bit Axe
27:37 Fortified Wall
Connection lost

Rejoining the realm…

Still unreachable

The connection could not be restored.

Session expired

The server has moved on; the page needs a fresh start.